 Dungeon Crawl Stone Soup version 0.24.0-13-gcf9b319 (webtiles) character file.

Game seed: 4809245262064854498, levelgen mode: deterministic

18 silenth the Caller (level 2, -1/15 HPs)
             Began as a Deep Elf Summoner on Apr 26, 2020.
             Slain by a hound (3 damage)
             ... on level 2 of the Dungeon.
             The game lasted 00:01:55 (1380 turns).

silenth the Caller (Deep Elf Summoner)              Turns: 1380, Time: 00:01:55

Health: -1/15      AC:  2    Str:  5    XL:     2   Next: 48%
Magic:  5/8        EV: 13    Int: 19    God:
Gold:   49         SH:  0    Dex: 15    Spells: 5/8 levels left

rFire    . . .     SeeInvis +   d - +0 dagger
rCold    . . .     Gourm    .   (no shield)
rNeg     . . .     Faith    .   a - +0 robe
rPois    .         Spirit   .   (no helmet)
rElec    .         Reflect  .   (no cloak)
rCorr    .         Harm     .   (no gloves)
MR       .....                  (no boots)
Stlth    ++........             (no amulet)
HPRegen  0.05/turn              h - ring of see invisible
MPRegen  0.11/turn              (no ring)

@: no status effects
A: no striking features
a: no special abilities


You were on level 2 of the Dungeon.
You were not hungry.

You visited 1 branch of the dungeon, and saw 2 of its levels.

You collected 49 gold pieces.

Inventory:

Hand Weapons
 d - a +0 dagger (weapon)
Armour
 a - a +0 robe (worn)
Jewellery
 h - a ring of see invisible (left hand)
Scrolls
 b - 5 scrolls of amnesia {unknown}
 f - 2 scrolls of teleportation {unknown}
 g - a scroll of identify {unknown}
 l - a scroll of enchant armour {unknown}
Potions
 c - 2 potions of curing {unknown}
 j - a potion of flight {unknown}
 k - a potion of might {unknown}
Comestibles
 e - 3 rations
 i - a chunk of flesh


   Skills:
 - Level 2.4 Dodging
 - Level 2.4 Stealth
 + Level 3.5 Spellcasting
 * Level 4.9 Summonings


You had 5 spell levels left.
You knew the following spells:

 Your Spells              Type           Power        Failure   Level  Hunger
a - Summon Small Mammal   Summ           ###.         1%          1    None
b - Call Imp              Summ           ###.....     2%          2    ##.....

Your spell library contained the following spells:

 Spells                   Type           Power        Failure   Level  Hunger
 Call Canine Familiar     Summ           ###.....     5%          3    ###....
 Summon Guardian Golem    Hex/Summ       ##......     16%         3    ###....
 Summon Ice Beast         Ice/Summ       ##......     45%         4    ####...
 Summon Lightning Spire   Summ/Air       ##......     45%         4    ####...


Dungeon Overview and Level Annotations

Branches:
Dungeon (2/15)

Altars:


Message History

Your quokka dies!
Your quokka's corpse disappears in a puff of smoke!
Your quokka misses the hound.
Casting: Summon Small Mammal (safe; 1% risk of failure)
Confirm with . or Enter, or press ? or * to list all spells.
The hound bites you.
* * * LOW HITPOINT WARNING * * *
Your bat completely misses the hound.
Your quokka bites the hound.
There is a stone staircase leading up here.
Casting: Summon Small Mammal (safe; 1% risk of failure)
Confirm with . or Enter, or press ? or * to list all spells.
A beastly little devil appears in a puff of frigid air.
Your bat hits the hound. The hound closely misses you.
The hound completely misses you.
Your bat closely misses the hound.
Your quokka misses the hound.
Your white imp misses the hound.
Things that are here:
2 stones; a kobold corpse You swap places.
The hound bites you.
You die...

##### # ##@5.##
#.#..h<.#
#...)r..######(
###..b.....<...
......#..รท........
.####.#.......?...
#.#..#.#.##.#.
..#..#.#.# #
#......#.#


You could see a hound, a friendly white imp, a friendly quokka and a friendly
bat.

Vanquished Creatures
  A bat (D:1)
  2 giant cockroaches (D:1)
  A goblin (D:1)
  A hobgoblin (D:2)
  A kobold (D:2)
  A ball python (D:1)
  2 frilled lizards (D:1)
  A rat (D:2)
10 creatures vanquished.

Vanquished Creatures (collateral kills)
  2 giant cockroaches (D:1)
  2 hobgoblins (D:1)
  A kobold (D:1)
  A ball python (D:1)
  A bat (D:1)
  A frilled lizard (D:1)
  3 rats (D:1)
11 creatures vanquished.

Grand Total: 21 creatures vanquished

Notes
Turn   | Place    | Note
-------+----------+-------------------------------------------
     0 | D:1      | silenth the Deep Elf Summoner began the quest for the Orb.
     0 | D:1      | Reached XP level 1. HP: 10/10 MP: 6/6
   813 | D:1      | Reached XP level 2. HP: 15/15 MP: 8/8
   819 | D:1      | Learned a level 2 spell: Call Imp
  1380 | D:2      | Slain by a hound

Levels and vault maps discovered:
D:1:      dpeg_arrival_stone_temple_mockup, layout_loops_cross,
          minmay_pentomino_x2
D:2:      layout_loops_cross, minmay_misc_feat_five

Action                   || total
-------------------------++-------
Melee: Dagger            ||    27
       Unarmed           ||     5
 Cast: Summon Small Mamm ||    25
       Call Imp          ||     1
 Stab: Sleeping          ||     6
  Eat: Chunk             ||     1
Armor: Robe              ||     6
Dodge: Dodged            ||    44
